 Dungeon Crawl Stone Soup version 0.23.2-33-g5129a83184 (webtiles) character file.

Game seed: 14318505761224793090

46 t4s4d4r the Firebug (level 3, 0/46 HPs)
             Began as an Ogre Fire Elementalist on July 24, 2019.
             Succumbed to an adder's poison
             ... on level 2 of the Dungeon.
             The game lasted 00:02:17 (1305 turns).

t4s4d4r the Firebug (Ogre Fire Elementalist)        Turns: 1305, Time: 00:02:17

Health: 0/46       AC: 21    Str: 16 (17) XL:     3   Next: 66%
Magic:  1/7        EV:  1    Int: 16 (17) God:
Gold:   74         SH:  0    Dex:  6 (9)  Spells: 7/8 levels left

rFire    . . .     SeeInvis .   j - +2 mace (venom)
rCold    . . .     Gourm    .   (no shield)
rNeg     + + +     Faith    .   (armour currently unavailable)
rPois    +         Spirit   .   (helmet currently unavailable)
rElec    .         Reflect  .   (cloak currently unavailable)
rCorr    .         Harm     .   (gloves unavailable)
MR       .....     NoTele   +   (boots unavailable)
Stlth    +.........             (no amulet)
HPRegen  0.15/turn              (no ring)
MPRegen  0.10/turn              (no ring)

@: mighty, lethally poisoned (0 -> -2), tree-form
A: large, unfitting armour
a: no special abilities


You were on level 2 of the Dungeon.
You were very hungry.
You were a tree.
You visited 1 branch of the dungeon, and saw 2 of its levels.

You collected 74 gold pieces.

Inventory:

Hand Weapons
 j - a +2 mace of venom (weapon)
Missiles
 d - 37 stones (quivered)
 k - 2 throwing nets
Armour
 a - a +0 robe (melded)
Scrolls
 f - a scroll of teleportation {unknown}
 g - 2 scrolls of remove curse {unknown}
 i - a scroll of magic mapping {unknown}
 l - a scroll of immolation {unknown}
 m - a scroll of enchant weapon {unknown}
Comestibles
 c - a ration


   Skills:
 + Level 0.2 Fighting
 - Level 1.7 Dodging
 - Level 1.4 Stealth
 - Level 3.0 Spellcasting
 - Level 2.2 Conjurations
 - Level 3.1 Fire Magic


You had 7 spell levels left.
You knew the following spells:

 Your Spells              Type           Power        Failure   Level  Hunger
a - Flame Tongue          Conj/Fire      ##...        6%          1    #......

Your spell library contained the following spells:

 Spells                   Type           Power        Failure   Level  Hunger
 Throw Flame              Conj/Fire      ##....       10%         2    ##.....
 Conjure Flame            Conj/Fire      ##......     19%         3    ###....
 Inner Flame              Hex/Fire       #.......     30%         3    ###....
 Sticky Flame             Conj/Fire      ##......     52%         4    #####..
 Fireball                 Conj/Fire      ##........   86%         5    ######.


Dungeon Overview and Level Annotations

Branches:
Dungeon (2/15)

Altars:


Innate Abilities, Weirdness & Mutations

You are too large for most types of armour.
((You have tough skin. (AC +1)))


Message History

Aiming: Flame Tongue (safe; 6% risk of failure)
Press: ? - help, Shift-Dir - straight line, f/p - giant cockroach
Aim: a giant cockroach (almost dead, clinging)
The flame tongue hits the giant cockroach.
You kill the giant cockroach!
What are your orders? t - Creak!
Orders for allies: a - Attack new target. r - Retreat! s - Stop attacking. g - Guard the area. f - Follow me.
Anything else - Cancel.
You creak for attention!
What are your orders? t - Creak!
Orders for allies: a - Attack new target. r - Retreat! s - Stop attacking. g - Guard the area. f - Follow me.
Anything else - Cancel.
You creak for attention!
You die...

#.# #.#.## #. #.#
#.#.# #.
###.######.#.### #.
#....).........# #.
.#.####.#.######.#.#.#
#.
.................#.#.#
#.
......†............#.#
#.
......#.####)#######.#
#. ........# #♣# #.#
#< .....?### #.# #.#
#. #$..## #(# #.## #.
#.( #.# #..# ## ## ...
##.# .#. #.# . . #.#
## ## #.# #.# ###


There were no monsters in sight!

Vanquished Creatures
  2 adders (D:2)
  2 dart slugs
  A leopard gecko (D:1)
  3 giant cockroaches
  A goblin (D:1)
  3 hobgoblins
  3 jackals (D:2)
  A bat (D:1)
  2 kobolds
  3 rats (D:1)
21 creatures vanquished.

Notes
Turn   | Place    | Note
-------+----------+-------------------------------------------
     0 | D:1      | t4s4d4r the Ogre Fire Elementalist began the quest for the
                  | Orb.
     0 | D:1      | Reached XP level 1. HP: 16/16 MP: 3/3
    19 | D:1      | Reached skill level 1 in Conjurations
    66 | D:1      | Reached XP level 2. HP: 12/24 MP: 1/5
  1241 | D:2      | Reached XP level 3. HP: 28/31 MP: 7/7
  1298 | D:2      | HP: 2/46 [poisoned by an adder]
  1305 | D:2      | Succumbed to an adder's poison

Skill      XL: |  1  2  3 |
---------------+----------+-----
Conjurations   | 1 2 |  2.2
Fire Magic     | 3 |  3.1
Spellcasting   | 3 |  3.0
Fighting       | |  0.2
Dodging        | |  1.7
Stealth        | |  1.4

Action                   || total
-------------------------++-------
Melee: Club              ||    17
       Unarmed           ||     1
       Mace              ||    27
       Whip              ||     9
 Cast: Flame Tongue      ||    22
  Use: Potion            ||     3
 Stab: Sleeping          ||     1
Armor: Robe              ||    29
Dodge: Dodged            ||    44
